 Dungeon Crawl Stone Soup version 0.29.1-1-gd02db6906a (webtiles) character file.

Game seed: 4000655208050105580

7 Demigod47 the Sneak (level 1, 11/11 HPs)
             Began as a Spriggan Brigand on Oct 17, 2022.
             Quit the game on level 1 of the Dungeon.
             The game lasted 00:01:15 (199 turns).

Demigod47 the Sneak (Spriggan Brigand)               Turns: 199, Time: 00:01:16

Health: 11/11      AC:  3    Str:  7    XL:     1   Next: 83%
Magic:  2/2        EV: 16    Int: 12    God:
Gold:   28         SH:  0    Dex: 16    Spells: 0/0 levels left

rFire   . . .      SeeInvis +   a - +2 dagger
rCold   . . .      Faith    .   (no shield)
rNeg    . . .      Spirit   .   b - +0 robe
rPois   .          Reflect  .   (helmet restricted)
rElec   .          Harm     .   c - +0 cloak
rCorr   .          Rampage  .   (gloves unavailable)
Will    .....                   (boots unavailable)
Stlth   +++.......              (no amulet)
HPRegen 0.03/turn               (no ring)
MPRegen 0.08/turn               (no ring)

@: very quick
A: very small, no large weapons, unfitting armour, see invisible, speed 3
a: no special abilities


You were on level 1 of the Dungeon.
You visited 1 branch of the dungeon, and saw 1 of its levels.

You collected 28 gold pieces.

Inventory:

Hand Weapons
 a - a +2 dagger (weapon)
Missiles
 d - 9 poisoned darts (quivered)
 e - 3 curare-tipped darts
Armour
 b - a +0 robe (worn)
 c - a +0 cloak (worn)
Scrolls
 f - a scroll of silence {unknown}


   Skills:
 + Level 1.8 Fighting
 + Level 2.3 Short Blades
 + Level 2.1 Throwing
 + Level 1.3 Dodging
 + Level 6.0 Stealth


You couldn't memorise any spells.
You didn't know any spells.
Your spell library was empty.

Dungeon Overview and Level Annotations

Branches:
Dungeon (1/15)

Altars:


Innate Abilities, Weirdness & Mutations

You are very small and have problems with some larger weapons.
You are too small for most types of armour.
You have supernaturally acute eyesight. (SInv)
You cover ground extremely quickly. (Speed+++)


Message History

You now have 25 gold pieces (gained 11).
Found 5 stones.
A kobold comes into view. It is wielding a +0 club.
A kobold is nearby!
You see here 5 stones.
The helpless kobold fails to defend itself.
You impale the kobold!!
You kill the kobold!
Your Stealth skill increases to level 6!
You now have 28 gold pieces (gained 3).
You see here a staff of fire.
Found a halberd.
Found an escape hatch in the floor.
Found a stone staircase leading down.
You see here a +0 halberd.
An endoplasm comes into view.
The helpless endoplasm fails to defend itself.
You impale the endoplasm!!
You kill the endoplasm!
A giant cockroach and a bat come into view.
The helpless bat fails to defend itself.
You impale the bat!!
You kill the bat!
The helpless giant cockroach fails to defend itself.
You impale the giant cockroach!!
You kill the giant cockroach!
A ball python comes into view.
Found a faded altar of an unknown god.
A goblin comes into view. It is wielding a +0 dagger.
The helpless ball python fails to defend itself.
You impale the ball python!!
You kill the ball python!
Unknown command.
You aren't carrying any potions.
Assign waypoint to what number? (0-9)
Okay, then.
Unknown command.
Are you sure you want to abandon this character and quit the game? (Confirm with "yes".)
Okay, then.
Unknown command.
Are you sure you want to abandon this character and quit the game? (Confirm with "yes".)

.g #. #.# ### #..
..########### #..
#.##........# ##..
#.##.######.#
#.##...####.##........#
#....†@...........##.#
##..._..##.##.###.##.#
.#.
##........##.###.##.#
#.#
#.#.########....>...#
#.# #. #. #.###.##.#
#.# #. #+ #.# #.##.#
#.# . #.###.##.# #.##
#........## ##).##
#.........#


You could see a goblin (asleep).

Vanquished Creatures
  A ball python (D:1)
  A bat (D:1)
  An endoplasm (D:1)
  A giant cockroach (D:1)
  A kobold (D:1)
5 creatures vanquished.

Notes
Turn   | Place    | Note
-------+----------+-------------------------------------------
     0 | D:1      | Demigod47 the Spriggan Brigand began the quest for the Orb.
     0 | D:1      | Reached XP level 1. HP: 10/10 MP: 2/2
    98 | D:1      | Reached skill level 6 in Stealth
   191 | D:1      | Found a faded altar of an unknown god.
   199 | D:1      | Quit the game

Illustrated notes

Levels and vault maps discovered:
D:1:      roderic_crossed_star, layout_loops_corners, basic_ecumenical_altar,
          hex_medium

Skill      XL: |  1 |
---------------+----+-----
Stealth        | 6 |  6.0
Fighting       | |  1.8
Short Blades   | |  2.3
Throwing       | |  2.1
Dodging        | |  1.3

Action                   || total
-------------------------++-------
Melee: Dagger            ||     5
 Stab: Sleeping          ||     5
